 Dungeon Crawl Stone Soup version 0.32-a0-841-g4648e6c457 (webtiles) character file.

Game seed: 3123370933599061041

218 Fodor the Covered (level 5, 0/47 HPs)
             Began as a Minotaur Fighter on Mar 26, 2024.
             Slain by Duvessa
             ... wielding a +0 rapier
              (5 damage)
             ... on level 4 of the Dungeon.
             The game lasted 00:05:28 (3140 turns).

Fodor the Covered (Minotaur Fighter)                Turns: 3140, Time: 00:05:29

Health: 0/47       AC:  9    Str: 23    XL:     5   Next: 63%
Magic:  4/4        EV:  7    Int:  5    God:
Gold:   194        SH:  4    Dex:  9    Spells: 4/4 levels left

rFire   . . .        a - +0 war axe
rCold   . . .        c - +0 buckler
rNeg    . . .        k - +0 chain mail
rPois   .            (helmet restricted)
rElec   .            (no cloak)
rCorr   .            (no gloves)
SInv    .            (no boots)
Will    .....        (no amulet) Stlth
                     (no ring)
HPRegen 0.27/turn    (no ring)
MPRegen 0.09/turn

%: no passive effects
@: no status effects
A: horns 2, retaliatory headbutt
a: no special abilities


You were on level 4 of the Dungeon.
You visited 1 branch of the dungeon, and saw 4 of its levels.

You collected 222 gold pieces.
You spent 28 gold pieces at shops.

Inventory:

Hand Weapons
 a - a +0 war axe (weapon)
Missiles
 l - 2 boomerangs (quivered)
Armour
 c - a +0 buckler (worn)
 k - a +0 chain mail (worn)
Jewellery
 o - an amulet of guardian spirit
Scrolls
 b - a scroll of revelation {unknown}
 e - 5 scrolls of identify
 f - a scroll of poison
 n - a scroll of teleportation {unknown}
 p - a scroll of vulnerability {unknown}
Potions
 d - 3 potions of might
 g - 2 potions of attraction {unknown}
 h - a potion of brilliance {unknown}
 i - 2 potions of curing {unknown}
 j - 2 potions of cancellation {unknown}
 m - a potion of degeneration {unknown}


   Skills:
 + Level 4.9 Fighting
 + Level 4.3 Axes
 + Level 5.2 Armour
 + Level 0.7 Dodging
 + Level 0.1 Stealth
 + Level 4.2 Shields


You had 4 spell levels left.
You didn't know any spells.
Your spell library contained the following spells:

 Spells                   Type           Power      Damage    Failure   Level
 Magic Dart               Conj           0%         1d3       98%         1
 Searing Ray              Conj           0%         2d4       99%         2
 Fulminant Prism          Conj/Alch      0%         3d5       100%        4


Dungeon Overview and Level Annotations

Branches:
Dungeon (4/15)
 Temple: D:4-7

Altars:
Nemelex Xobeh

Shops:
D:1 (?

Annotations:
D:4 Dowan, Duvessa


Innate Abilities, Weirdness & Mutations

You have a pair of horns on your head.
You reflexively headbutt those who attack you in melee.


Message History

You are frozen.
The endoplasm attacks as it pursues you!
The endoplasm hits you but does no damage.
You hit the endoplasm.
The endoplasm is severely wounded.
The endoplasm freezes you.
You are frozen.
You slash the endoplasm!
You kill the endoplasm!
You now have 194 gold pieces (gained 8).
Dowan, Brother of Duvessa comes into view.
He is wielding a +2 dagger of speed.
Dowan shouts!
Duvessa, Sister of Dowan comes into view.
She is wielding a +0 rapier.
Duvessa shouts!
Dowan hits you but does no damage.
You barely miss Dowan. You hit Duvessa.
Dowan gestures wildly while chanting.
Dowan blinks!
Duvessa hits you with a +0 rapier. Duvessa hits you with a +0 rapier!
Duvessa hits you with a +0 rapier!
You barely miss Duvessa. You headbutt Duvessa.
Duvessa is moderately wounded.
Duvessa closely misses you. Duvessa hits you with a +0 rapier.
You hit Duvessa. Your headbutt misses Duvessa.
Duvessa is moderately wounded.
Duvessa hits you but does no damage.
You completely miss Duvessa.
Duvessa is moderately wounded.
You closely miss Dowan. You block Dowan's attack.
Duvessa hits you with a +0 rapier.
Dowan points at you and mumbles some strange words.
You resist with some effort.
You closely miss Duvessa.
Duvessa is moderately wounded.
You hit Dowan. Duvessa hits you with a +0 rapier!
* * * LOW HITPOINT WARNING * * *
Dowan hits you with a +2 dagger of speed!
* * * LOW HITPOINT WARNING * * *
Duvessa hits you with a +0 rapier.
You die...

....... #...#.... .......
.......+...#.... .......
.......#...'.... .......
.......#...##+## .......
.......#...##... .......
.......#...##... .......
########.......#........
+#.....
...............#........
..............@e......#........
..............e......#...###'#
..............########...#....
..............# .....#..†.
.>............# ......#....
..............# ......#....
..............# #....
..............# #######....
........####### #..........


You could see Duvessa and Dowan.

Vanquished Creatures
  A scorpion (D:4)
  A bombardier beetle (D:4)
  A hound (D:4)
  Robin (D:3)
  4 adders
  A ribbon worm (D:2)
  2 orcs (D:4)
  4 bats
  5 endoplasms
  A giant cockroach (D:1)
  9 goblins
  13 hobgoblins
  3 ball pythons
  4 frilled lizards
  A kobold (D:1)
  2 rats
53 creatures vanquished.

Notes
Turn   | Place    | Note
-------+----------+-------------------------------------------
     0 | D:1      | Fodor the Minotaur Fighter began the quest for the Orb.
     0 | D:1      | Reached XP level 1. HP: 19/19 MP: 0/0
   207 | D:1      | You fall into a shaft and drop 1 floor!
   239 | D:2      | Reached XP level 2. HP: 27/27 MP: 1/1
   430 | D:1      | Found Oridgh's Magic Scroll Emporium.
   435 | D:1      | Bought a scroll of identify for 28 gold pieces
   903 | D:1      | Found a faded altar of an unknown god.
   909 | D:1      | Found Coad's Antique Weapon Shoppe.
  1316 | D:2      | Reached skill level 4 in Armour
  1479 | D:2      | Reached XP level 3. HP: 34/34 MP: 2/2
  1818 | D:3      | Noticed Robin
  1830 | D:3      | Killed Robin
  1839 | D:3      | Reached XP level 4. HP: 16/41 MP: 3/3
  2232 | D:3      | Found a sparkling altar of Nemelex Xobeh.
  2882 | D:4      | Noticed a scorpion
  2888 | D:4      | Killed a scorpion
  2889 | D:4      | Reached skill level 5 in Armour
  2889 | D:4      | Reached XP level 5. HP: 47/47 MP: 4/4
  3130 | D:4      | Noticed Dowan
  3131 | D:4      | Noticed Duvessa
  3140 | D:4      | Slain by Duvessa

Illustrated notes

Levels and vault maps discovered:
D:1:      minmay_arrival_split_and_join, layout_basic, serial_shops,
          nicolae_diamond_shop, shop, ebering_ecumenical_altar_box,
          glass_columns_b
D:2:      layout_basic
D:3:      layout_loops_ring, nemelex_xobeh_ov_fountains_minmay,
          grunt_decor_junction, uniq_robin
D:4:      layout_gridville, uniq_duvessa

Skill      XL: |  1  2  3  4 |
---------------+-------------+-----
Fighting       | 4 |  4.9
Armour         | 4 5 |  5.2
Axes           | 3 4 |  4.3
Shields        | 4 |  4.2
Dodging        | |  0.7
Stealth        | |  0.1

Action                     |  1- 3 |  4- 6 || total
---------------------------+-------+-------++-------
  Melee: War axe           |    91 |    46 ||   137
         Headbutt          |    10 |     5 ||    15
    Use: Scroll            |     1 |       ||     1
 Armour: Scale mail        |    83 |     9 ||    92
         Chain mail        |       |    35 ||    35
  Dodge: Dodged            |    39 |    14 ||    53
  Block: Buckler           |    21 |     8 ||    29

Table legend: (Time is in decaauts)
 A = Elapsed time spent in this place.
 B = Non-inter-level travel time spent in this place.
 C = Inter-level travel time spent in this place.
 D = Time resting spent in this place.
 E = Time spent auto-exploring this place.
 F = Levels seen in this place.
 G = Mean time per level.
                   A        B        C        D        E       F      G
               +--------+--------+--------+--------+--------+-----+--------+
         Total |   3190 |   3190 |      0 |      0 |   2561 |   4 |  797.5 |
       Dungeon |   3190 |   3190 |      0 |      0 |   2561 |   4 |  797.5 |
               +--------+--------+--------+--------+--------+-----+--------+

Top non-repeatable levels by time:
     D:1: 926 daAuts
     D:3: 862 daAuts
     D:2: 797 daAuts
     D:4: 605 daAuts
